 Dungeon Crawl Stone Soup version 0.26.0-16-gc1dbca0489 (webtiles) character file.

Game seed: 1037347646220276530

180 thiole the Sneak (level 5, -3/31 HPs)
             Began as an Octopode Hedge Wizard on Jan 21, 2021.
             Slain by an orc
             ... wielding a +0 hand axe
              (8 damage)
             ... on level 4 of the Dungeon.
             The game lasted 00:05:03 (3371 turns).

thiole the Sneak (Octopode Hedge Wizard)            Turns: 3371, Time: 00:05:03

Health: -3/31      AC:  1    Str: 10    XL:     5   Next: 60%
Magic:  6/10       EV: 12    Int: 17    God:
Gold:   139        SH:  3    Dex: 11    Spells: 3/11 levels left

rFire    . . .     SeeInvis .   a - +0 dagger
rCold    + . .     Faith    .   l - +0 buckler
rNeg     . . .     Spirit   .   b - +0 hat
rPois    .         Reflect  .   (no amulet)
rElec    .         Harm     .   f - ring of stealth
rCorr    .         Rampage  .   m - ring of protection from cold
Will     .....                  n - ring of wizardry
Stlth    ++++......             (no ring)
HPRegen  0.10/turn              (no ring)
MPRegen  0.12/turn              (no ring)
                                (no ring)
                                (no ring)

@: mighty, flying
A: almost no armour, stealthy swim, amphibious, 8 rings, constrict 8, camouflage
1, gelatinous body 1
a: no special abilities


You were on level 4 of the Dungeon.
You visited 1 branch of the dungeon, and saw 4 of its levels.

You collected 139 gold pieces.

Inventory:

Hand Weapons
 a - a +0 dagger (weapon)
 p - a cursed +0 short sword
Armour
 b - a +0 hat (worn)
 l - a +0 buckler (worn)
Jewellery
 f - a ring of stealth (left tentacle)
 m - a ring of protection from cold (right tentacle)
 n - a ring of wizardry (on tentacle)
 s - an uncursed ring of resist corrosion {unknown}
Scrolls
 c - 2 scrolls of teleportation {unknown}
 g - a scroll of immolation {unknown}
 h - 4 scrolls of identify {unknown}
 i - a scroll of random uselessness {unknown}
 k - 3 scrolls of enchant armour {unknown}
 q - a scroll of fear {unknown}
 r - a scroll of amnesia {unknown}
Potions
 d - 2 potions of might
 e - a potion of flight
 j - a potion of attraction {unknown}
 o - a potion of heal wounds {unknown}
 t - a potion of ambrosia {unknown}


   Skills:
 - Level 2.0 Dodging
 + Level 4.4 Stealth
 + Level 1.0 Shields
 + Level 3.8 Spellcasting
 - Level 2.0 Conjurations
 + Level 2.3 Summonings
 - Level 1.0 Translocations
 * Level 1.6 Air Magic


You had 3 spell levels left.
You knew the following spells:

 Your Spells              Type           Power        Failure   Level
a - Magic Dart            Conj           40%          4%          1
b - Call Imp              Summ           11%          6%          2
c - Slow                  Hex            3%           14%         2
d - Mephitic Cloud        Conj/Pois/Air  7%           16%         3

Your spell library contained the following spells:

 Spells                   Type           Power        Failure   Level
 Blink                    Tloc           N/A          10%         2
 Conjure Flame            Conj/Fire      6%           19%         3


Dungeon Overview and Level Annotations

Branches:
Dungeon (4/15)
 Temple: D:4-7

Altars:

Annotations:
D:3 2 transporters, Gadfly's ghost, amateur HOAK


Innate Abilities, Weirdness & Mutations

You cannot wear most types of armour.
You are very stealthy in the water. (Stealth+)
You are amphibious.
You can wear up to eight rings at the same time.
You can use your tentacles to constrict eight enemies at once.
Your skin changes colour to match your surroundings (Stealth+).
Your rubbery body absorbs attacks. (AC +1, EV +1)


Message History

Your crimson imp disappears in a puff of smoke!
You block the jackal's attack. The jackal barely misses you.
You closely miss the jackal. Your grab misses the jackal.
The jackal closely misses you. The jackal misses you.
You hit the jackal. Your grab misses the jackal.
The jackal is almost dead.
The jackal barely misses you.
You closely miss the jackal. You grab the jackal.
The jackal is almost dead.
You constrict the jackal.
You kill the jackal!
It was a potion of flight.
You feel very buoyant.
You fly up into the air.
You hit the orc priest. You grab the orc priest.
The orc priest is heavily wounded.
You constrict the orc priest, but do no damage.
The orc hits you with a +0 hand axe!
You die...

(....###....######.#####...#####.
.....###....# #.#####...#
......)..[..# #....(....#
........###.# #.........#
........###'######...o.5...#
.....#####.......#o#########
#....# #.......#o#
#....#####[......#.#
.....(..........@#.#
##########...)..oo.# #.......###
#########.......#
#.......#.......#
#.......####.#### #............#
#.......######## #...............


You could see an orc priest and an orc.

Vanquished Creatures
  Jessica (D:2)
  5 adders
  A white imp (D:4)
  2 oozes (D:3)
  An adder skeleton (D:4)
  2 worms
  A dart slug (D:1)
  4 leopard geckos
  5 orcs (D:4)
  A ball python (D:2)
  4 bats
  4 giant cockroaches
  6 goblins
  10 hobgoblins
  7 jackals
  2 quokkas (D:3)
  4 frilled lizards
  5 kobolds
  8 rats
73 creatures vanquished.

Vanquished Creatures (collateral kills)
  An orc (D:4)
1 creature vanquished.

Vanquished Creatures (others)
  6 plants (D:3)
6 creatures vanquished.

Grand Total: 80 creatures vanquished

Notes
Turn   | Place    | Note
-------+----------+-------------------------------------------
     0 | D:1      | thiole the Octopode Hedge Wizard began the quest for the
                  | Orb.
     0 | D:1      | Reached XP level 1. HP: 11/11 MP: 4/4
   159 | D:1      | Reached XP level 2. HP: 17/17 MP: 0/6
   162 | D:1      | Learned a level 2 spell: Call Imp
   165 | D:1      | Learned a level 2 spell: Slow
   575 | D:1      | Reached skill level 3 in Stealth
   706 | D:2      | Reached XP level 3. HP: 16/21 MP: 1/7
  1128 | D:2      | Noticed Jessica
  1138 | D:2      | Killed Jessica
  1139 | D:2      | Reached skill level 4 in Stealth
  1139 | D:2      | Reached XP level 4. HP: 20/27 MP: 2/9
  1194 | D:2      | Learned a level 3 spell: Mephitic Cloud
  1847 | D:3      | Noticed Gadfly's ghost (amateur HOAK)
  1867 | D:3      | Identified the +2 ring mail "Qoimoh" {rN+ rCorr}
  1867 | D:3      | Noticed a gnoll sergeant
  2086 | D:3      | Reached skill level 1 in Air Magic
  2142 | D:3      | Reached XP level 5. HP: 31/31 MP: 7/10
  2847 | D:3      | Found a transporter.
  2848 | D:3      | Found a transporter.
  3187 | D:4      | Reached skill level 1 in Shields
  3371 | D:4      | Slain by an orc

Illustrated notes

Levels and vault maps discovered:
D:1:      sevenhm_arrival_forest_fort_small_5, layout_rooms
D:2:      layout_basic, uniq_jessica
D:3:      layout_loops_ring, gammafunk_ghost_gnarly_gnolls, minmay_bisected
D:4:      layout_basic, uniq_robin

Skill      XL: |  1  2  3  4  5 |
---------------+----------------+-----
Stealth        | 3 4 |  4.4
Conjurations   | 2 |  2.0
Summonings     | 2 |  2.3
Air Magic      | 1 |  1.6
Shields        | 1 |  1.0
Dodging        | |  2.0
Spellcasting   | |  3.8
Translocations | |  1.0

Action                   |  1- 3 |  4- 6 || total
-------------------------+-------+-------++-------
Melee: Dagger            |    38 |    88 ||   126
       Constrict         |    13 |    21 ||    34
       Tentacles         |     6 |    13 ||    19
 Cast: Magic Dart        |    42 |   103 ||   145
       Call Imp          |       |     3 ||     3
  Use: Scroll            |     1 |     1 ||     2
       Potion            |       |     2 ||     2
Armor: Skin              |     7 |     2 ||     9
Dodge: Dodged            |    27 |    53 ||    80
Block: Buckler           |       |     7 ||     7
